 Dungeon Crawl Stone Soup version 0.25-a0-589-g1e14c54 (webtiles) character file.

Game seed: 10677033311383540208, levelgen mode: deterministic

58 tyvek the Poker (level 4, 0/34 HPs)
             Began as a Merfolk Gladiator on Mar 11, 2020.
             Slain by a goblin (4 damage)
             ... led by Robin
             ... on level 1 of the Dungeon.
             The game lasted 00:01:58 (1607 turns).

tyvek the Poker (Merfolk Gladiator)                 Turns: 1607, Time: 00:01:58

Health: 0/34       AC:  4    Str: 15    XL:     4   Next: 1%
Magic:  4/4        EV: 14    Int:  7    God:
Gold:   47         SH:  0    Dex: 15    Spells: 3/3 levels left

rFire    . . .     SeeInvis .   a - +0 trident
rCold    . . .     Gourm    .   (no shield)
rNeg     . . .     Faith    .   e - +0 leather armour
rPois    .         Spirit   .   c - +0 helmet
rElec    .         Reflect  .   (no cloak)
rCorr    .         Harm     .   (no gloves)
MR       .....                  (no boots)
Stlth    +.........             (no amulet)
HPRegen  0.11/turn              (no ring)
MPRegen  0.09/turn              (no ring)

@: no status effects
A: change form in water, swift swim, stealthy swim
a: no special abilities


You were on level 1 of the Dungeon.
You were not hungry.

You visited 1 branch of the dungeon, and saw 2 of its levels.

You collected 47 gold pieces.


   Skills:
 + Level 2.9 Fighting
 * Level 5.8 Polearms
 - Level 2.0 Throwing
 + Level 4.6 Dodging


You had 3 spell levels left.
You didn't know any spells.
Your spell library was empty.

Inventory:

Hand Weapons
 a - a +0 trident (weapon)
 b - a +0 hunting sling
 g - a +0 spear
Missiles
 d - 3 throwing nets {=f}
 i - 10 stones (quivered)
Armour
 c - a +0 helmet (worn)
 e - a +0 leather armour (worn)
 m - a cursed +0 leather armour
Scrolls
 h - a scroll of teleportation {unknown}
 l - 2 scrolls of blinking {unknown}
Comestibles
 f - a ration
 k - 2 chunks of flesh

Dungeon Overview and Level Annotations

Branches:
Dungeon (2/15)

Altars:

P........♣♣..P####.....#.####.#.#
........P♣♣...P.....♣.♣#.# #.#.#
.##..#....P♣.♣P..##....#.# #.#.#
.##..#.#.P♣.♣♣.PPP#....#.# #.#..
...........♣P♣P........).####.#.#
###.........P.................#.#
..#.....................#####.#.#
#.#..#......#.###................
.....#..........@g.....>........#
............#.###................
..#..#......................)....
.................................
................................#
..#..##'#####...........#.#.##..#
.....#≈..♣♣ #.#...........#.##..#
..##.#≈...♣♣#....>..............#
..##.#≈≈...♣#.#..#..............#


You could see a goblin.


Message History

You puncture the goblin!
You kill the goblin!
The goblin closely misses you. The goblin barely misses you.
The goblin hits you but does no damage.
You barely miss the goblin. The goblin barely misses you.
The goblin hits you but does no damage. The goblin hits you.
* * * LOW HITPOINT WARNING * * *
The goblin hits you with a +0 club.
* * * LOW HITPOINT WARNING * * *
You hit the goblin.
You kill the goblin!
You have reached level 4!
The goblin no longer looks unusually strong.
The goblin misses you. x2; The goblin hits you with a +0 club.
* * * LOW HITPOINT WARNING * * *
Things that are here:
a +0 dagger; a goblin corpse The goblin no longer looks unusually strong.
It was a potion of magic.
Magic courses through your body. The goblin barely misses you.
There is a stone staircase leading up here.
You climb upwards.
There is a stone staircase leading down here.
You barely miss the goblin. The goblin misses you.
You closely miss the goblin. The goblin misses you.
You closely miss the goblin. The goblin misses you.
You hit the goblin.
The goblin is moderately wounded.
The goblin hits you.
You die...

Skill      XL: |  1  2 |
---------------+-------+-----
Polearms       | 5 |  5.8
Fighting       | |  2.9
Throwing       | |  2.0
Dodging        | |  4.6

Action                   |  1- 3 |  4- 6 || total
-------------------------+-------+-------++-------
Melee: Trident           |    28 |     4 ||    32
       Spear             |    47 |       ||    47
 Fire: Hunting sling     |    25 |       ||    25
  Use: Potion            |       |     1 ||     1
  Eat: Chunk             |     2 |       ||     2
Armor: Leather armour    |    17 |       ||    17
Dodge: Dodged            |    51 |     6 ||    57

Levels and vault maps discovered:
D:1:      tarquinn_simple_flora_water_c, layout_basic, serial_forest,
          infiniplex_forest_lined_2, infiniplex_forest_lined_3,
          infiniplex_forest_end_double, infiniplex_forest_end_2,
          infiniplex_forest_lined_3, infiniplex_forest_clump_curved,
          infiniplex_forest_straight_1, infiniplex_forest_fountain,
          infiniplex_forest_lined_2, infiniplex_forest_clump_large
D:2:      layout_basic, uniq_robin

Notes
Turn   | Place    | Note
-------+----------+-------------------------------------------
     0 | D:1      | tyvek the Merfolk Gladiator began the quest for the Orb.
     0 | D:1      | Reached XP level 1. HP: 16/16 MP: 1/1
    34 | D:1      | Reached XP level 2. HP: 14/23 MP: 2/2
   378 | D:1      | Reached skill level 5 in Polearms
   902 | D:1      | Reached XP level 3. HP: 10/28 MP: 3/3
  1561 | D:2      | Noticed Robin
  1574 | D:2      | Killed Robin
  1577 | D:2      | Reached XP level 4. HP: 5/34 MP: 4/4
  1577 | D:2      | HP: 1/34 [goblin/+0 club[Robin] (4)]
  1607 | D:1      | Slain by a goblin

Vanquished Creatures
  Robin (D:2)
  An adder (D:2)
  3 dart slugs (D:1)
  A leopard gecko (D:1)
  A bat (D:1)
  A giant cockroach (D:1)
  6 goblins (D:2)
  3 hobgoblins
  4 jackals (D:1)
  3 kobolds (D:1)
  3 frilled lizards
  2 rats (D:1)
29 creatures vanquished.
